Map: Carnage sur Korhal EC

Players

Gnoucrevette - Winner!

  • Race: Terran Terran
  • League: Platinum
  • Spawn Location: 9:00

zidar

  • Race: Zerg Zerg
  • League: Gold
  • Spawn Location: 3:00

VOD

Have the link to the VOD?

Description

Time

  • Played on: May 14, 2016, 9:11 a.m.
  • Length: 8:29
Show
View Real Time Build Order
Export as new Build Order

Gnoucrevette Terran - Winner!

Build Orders: Reaper Expand 

Get SALT Encoding   

  12  0:01  SCV  
  13  0:13  SCV  
  14  0:17  Supply Depot  
  14  0:25  SCV  
  15  0:39  Barracks, SCV  
  16  0:45  Refinery  
  16  0:51  SCV  
  17  1:03  SCV  
  18  1:15  SCV  
  19  1:27  Orbital Command  
  19  1:30  Reaper  
  20  1:45  Command Center  
  20  1:55  Supply Depot  
  20  2:00  SCV  
  21  2:10  Factory  
  21  2:12  SCV  
  22  2:18  Refinery  
  22  2:24  SCV  
  23  2:36  SCV  
  24  2:37  Barracks Reactor  
  24  3:13  Factory Tech Lab  
  24  3:15  Orbital Command  
  24  3:16  SCV, Starport  
  25  3:23  Marine  
  26  3:28  SCV  
  26  3:32  Marine  
  26  3:34  Siege Tank  
  31  3:40  SCV  
  31  3:41  Marine  
  33  3:47  SCV  
  33  3:49  Marine  
  33  3:52  SCV  
  35  3:58  Marine  
  35  3:59  SCV, Medivac  
  35  4:01  Supply Depot  
  35  4:02  Barracks  
  39  4:04  SCV  
  39  4:07  Marine  
  39  4:09  Barracks  
  41  4:11  SCV  
  41  4:16  SCV  
  43  4:19  Marine  
  43  4:21  Bunker  
  43  4:23  SCV  
  45  4:28  Marine, SCV  
  47  4:35  SCV  
  47  4:36  Starport Reactor  
  47  4:37  Marine  
  49  4:40  SCV  
  49  4:44  Engineering Bay  
  49  4:45  Engineering Bay  
  50  4:46  Marine  
  50  4:47  SCV  
  50  4:51  Barracks Tech Lab  
  53  4:52  SCV  
  53  4:59  SCV  
  54  5:05  Barracks Tech Lab  
  54  5:19  Stimpack  
  54  5:20  Command Center  
  54  5:24  Supply Depot  
  54  5:25  Refinery  
  54  5:27  Refinery  
  54  5:28  Supply Depot x2  
  54  5:43  Combat Shield  
  54  5:45  Marine x3, SCV x2  
  54  5:46  Terran Infantry Armor Level 1, Terran Infantry Weapons Level 1  
  54  5:47  Supply Depot  
  59  5:52  Supply Depot  
  59  5:57  SCV x2  
  59  5:59  Marine  
  59  6:03  Marine x2, Marauder  
  66  6:09  SCV x2  
  68  6:18  Marauder  
  70  6:29  Marine x2  
  70  6:30  Marauder  
  70  6:31  Medivac  
  76  6:39  Marauder  
  78  6:44  Orbital Command  
  78  6:47  Marine x2  
  78  6:49  SCV x2  
  78  6:51  Marauder  
  84  7:00  Marauder  
  87  7:01  SCV  
  87  7:04  Marine  
  87  7:05  Marine  
  89  7:11  Medivac x2  
  89  7:12  Marauder  
  89  7:13  SCV x2  
  97  7:18  Barracks x2  
  97  7:20  Barracks  
  97  7:21  Marine  
  97  7:22  Armory, Marine  
  98  7:23  Marine  
  100  7:34  Marauder  
  102  7:39  Marauder  
  104  7:49  Marine  
  104  7:50  Marine  
  106  7:55  Marauder  
  108  8:06  SCV  
Show
View Real Time Build Order
Export as new Build Order

zidar Zerg 

Build Orders: Hatch First 

Get SALT Encoding   

  12  0:01  Drone  
  13  0:12  Overlord  
  13  0:18  Drone  
  14  0:30  Drone x2  
  14  0:34  Drone  
  17  0:54  Hatchery  
  17  0:57  Drone  
  17  1:13  Spawning Pool  
  17  1:15  Drone  
  17  1:21  Extractor, Drone  
  16  1:33  Drone  
  17  1:46  Overlord  
  17  1:48  Drone  
  18  1:55  Drone  
  18  2:00  Queen  
  21  2:01  Drone  
  21  2:06  Extractor  
  21  2:08  Drone  
  21  2:14  Zergling x2  
  23  2:18  Queen  
  25  2:26  Drone  
  25  2:34  Zergling x2  
  25  2:35  Zergling x2  
  26  3:17  Drone x9  
  35  3:27  Pneumatized Carapace  
  35  3:30  Lair  
  35  3:37  Baneling Nest  
  34  4:11  Evolution Chamber  
  34  4:13  Evolution Chamber  
  32  4:19  Overlord x2  
  32  4:20  Overlord  
  32  4:26  Centrifical Hooks  
  32  4:37  Drone x10  
  42  4:48  Hatchery  
  41  4:56  Zerg Ground Armor Level 1  
  41  5:04  Zergling x10  
  41  5:06  Zergling x2  
  43  5:09  Metabolic Boost  
  35  5:49  Spore Crawler  
  34  5:54  Zergling x18  
  38  6:06  Zergling x4  
  37  6:18  Zergling x10  
  36  6:39  Baneling x3  
  36  6:40  Baneling  
  36  6:43  Zergling x14  
  42  6:50  Queen  
  42  6:54  Drone x2  
  41  7:24  Queen  
  44  7:51  Drone x12  
  52  8:17  Infestation Pit  
  51  8:20  Extractor  
  51  8:23  Extractor  
Tags
 
Add a new tag
Caveats
  • Supply blocks, unpowered buildings, or Contaminate may cause inaccurate times.
  • Supply counts are checked every 10 seconds.